 Dungeon Crawl Stone Soup version 0.31-a0-640-g39d97e502b (webtiles) character file.

Game seed: 2708909286807334242

37030 qw the Marksgargoyle (level 13, -18/86 HPs)
             Began as a Gargoyle Hunter on Aug 27, 2023.
             Was a High Priest of Okawaru.
             Demolished by Snorg (19 damage)
             ... on level 5 of the Lair of Beasts.
             The game lasted 00:07:51 (12932 turns).

qw the Marksgargoyle (Gargoyle Hunter)             Turns: 12932, Time: 00:07:51

Health: -18/86     AC: 23    Str: 17    XL:     13   Next: 94%
Magic:  16/20      EV: 30    Int: 15    God:    Okawaru [*****.]
Gold:   812        SH:  5    Dex: 26    Spells: 12/12 levels left

rFire   . . .        Y - +4 orcbow (freeze)
rCold   + . .        (shield currently unavailable)
rNeg    + . .        n - +2 robe {rC+}
rPois   inf          k - +1 helmet {Int+3}
rElec   +            l - +0 cloak
rCorr   .            f - +0 pair of fencer's gloves {Riposte Dex+3}
SInv    .            i - +2 pair of boots
Will    +....        q - amulet of reflection
Stlth   ++++         j - +6 ring of dexterity
HPRegen 0.34/turn    p - ring "Bopea" {Will+ EV+5 Str+3}
MPRegen 0.17/turn

%: reflection
@: about to teleport, heroic, finesse-ful
A: sickness immunity, AC +9, negative energy resistance 1, electricity
resistance, torment resistance 1, petrification resistance
a: Renounce Religion, Heroism, Finesse, Duel


You were on level 5 of the Lair of Beasts.
You worshipped Okawaru.
Okawaru was extremely pleased with you.
You visited 2 branches of the dungeon, and saw 13 of its levels.
You also visited: Gauntlet.

You collected 812 gold pieces.


Innate Abilities, Weirdness & Mutations

You are immune to sickness and miasma.
Your stone body is resilient. (AC +9)
You are immune to poison.
You resist negative energy. (rN+)
You are resistant to electric shocks. (rElec)
You are resistant to unholy torment.
You are immune to petrification.


   Skills:
 - Level 12.0(17.0) Fighting
 - Level 16.0(21.0) Ranged Weapons
 - Level 5.0(10.0) Armour
 + Level 8.7(13.7) Dodging
 - Level 1.1(6.1) Stealth
 - Level 10.0 Invocations


You had 12 spell levels left.
You didn't know any spells.
Your spell library was empty.

Inventory:

Hand Weapons
 Y - a +4 orcbow of freezing (weapon)
Armour
 f - the +0 pair of fencer's gloves (worn) {Riposte Dex+3}
   (Okawaru gifted it to you on level 3 of the Lair of Beasts)

   Riposte:   It allows the wearer to riposte with melee weapons, swiftly
   retaliating against missed or blocked melee attacks.
   Dex+3:     It affects your dexterity (+3).
 i - a +2 pair of boots (worn)
 k - a +1 helmet of intelligence (worn)
 l - a +0 cloak (worn)
 n - a +2 robe of cold resistance (worn)
 r - +0 acid dragon scales
Jewellery
 e - a ring of fire
 j - a +6 ring of dexterity (left hand)
 p - the ring "Bopea" (right hand) {Will+ EV+5 Str+3}
   (You acquired it on level 2 of the Lair of Beasts)

   [ring of evasion]

   EV+5:      It affects your evasion (+5).
   Str+3:     It affects your strength (+3).
   Will+:     It increases your willpower.
 q - an amulet of reflection (around neck)
Scrolls
 a - 6 scrolls of identify
 o - a scroll of teleportation
Potions
 b - 5 potions of mutation
 c - a potion of cancellation
 d - a potion of might
 g - 2 potions of enlightenment
 h - a potion of resistance
 m - 2 potions of curing

Dungeon Overview and Level Annotations

Branches:
Dungeon (8/15)             Temple (0/1) D:6            Lair (5/5) D:8
 Shoals (0/4) Lair:3       Spider (0/4) Lair:2      Gauntlet (visited)
  Slime: Lair:4-5

Altars:
Cheibriados
Elyvilon
Fedhas
Gozag
Hepliaklqana
Kikubaaqudgha
Okawaru
Uskayaw
Vehumet

Annotations:
D:4 3 runed translucent doors, qw's ghost, amateur GrHs
D:6 3 runed translucent doors, qw's ghost, novice GrHs
Lair:5 Rupert; Snorg


Message History

You block the cane toad's attack. Snorg misses you.
Snorg completely misses you. Snorg misses you.
Enter note:
12927 ||| Stepping ~*~*~tactically~*~*~ (retreating).
Rupert completely misses you.
The skyshark bites you but does no damage.
The skyshark misses you.
The skyshark tail-slaps you but does no damage.
Snorg attacks as she pursues you! Snorg completely misses you.
Snorg misses you. Snorg completely misses you. You block Rupert's attack.
You shoot an arrow. The arrow completely misses Snorg.
Snorg completely misses you. x2; You block Snorg's attack.
The skyshark completely misses you. The skyshark closely misses you.
The skyshark misses you.
You shoot an arrow. The arrow barely misses Snorg.
The arrow hits the rime drake!
The arrow freezes the rime drake.
The rime drake is moderately wounded.
The cane toad completely misses you.
Rupert hits you with a +1 great sword of electrocution!!!
Ouch! That really hurt!
You hear a roar!
12930 ||| READING 2 scrolls of teleportation.
As you read the scroll of teleportation, it crumbles to dust.
You feel strangely unstable. Snorg closely misses you. Snorg claws you.
Snorg completely misses you. Rupert completely misses you.
The cane toad stings you but does no damage.
The skyshark misses you.
The skyshark tail-slaps you but does no damage.
The skyshark closely misses you. Snorg closely misses you.
Snorg completely misses you. x2
You shoot an arrow. The arrow hits Snorg!!
The arrow freezes Snorg.
Snorg is almost dead.
The skyshark is no longer encased in ice.
You block Rupert's attack.
You shoot an arrow. The arrow barely misses Snorg.
The arrow hits the rime drake!
The arrow freezes the rime drake.
The rime drake is severely wounded.
The cane toad stings you! Snorg bites you!!
You die...

..........#
.........!..##
..............##
................
................
........%.....#
.............#
.....$......F##
............@@#
............Tl#
...........k.#### ###
.............P.P####.###
..........%............#
..............#...#.P..#
.............P#######.##
..............# #...#
.............## ##...#


You could see Rupert (berserk), Snorg (berserk), a skyshark, a cane toad and a
rime drake.

Vanquished Creatures
  A quicksilver ooze (Gauntlet)
  A minotaur (Gauntlet)
  3 hydras
  2 catoblepae
  10 death yaks
  A slime creature (Gauntlet)
  2 oklob plants
  5 elephants
  Maurice (D:8)
  6 black mambas
  4 rime drakes
  7 cane toads
  5 komodo dragons
  A polar bear (Lair:2)
  A hornet (D:7)
  A dream sheep (Lair:4)
  11 blink frogs
  2 jumping spiders (Lair:2)
  A culicivora (Lair:2)
  A spriggan (Lair:2)
  6 basilisks
  A vampire (D:8)
  4 wyverns
  42 yaks
  A steam dragon (D:7)
  Menkaure (D:6)
  An acid dragon (Gauntlet)
  17 water moccasins
  An orc warrior (D:8)
  An ice beast (D:6)
  3 black bears
  16 wolves
  A phantom (D:4)
  2 centaurs
  10 bullfrogs
  A gnoll sergeant (D:6)
  Blork the orc (D:6)
  2 scorpions (D:7)
  8 wights (D:8)
  2 vampire bats (D:7)
  3 howler monkeys
  A hound (D:6)
  3 jellies
  A gnoll bouda (D:7)
  6 orc priests
  9 orc wizards
  An iguana (D:6)
  16 gnolls
  11 adders
  A shadow imp (D:7)
  2 white imps
  2 ufetubi
  3 worms
  11 dart slugs
  20 orcs
  3 ball pythons
  18 bats
  8 endoplasms
  7 giant cockroaches
  4 goblins
  4 hobgoblins
  10 kobolds
  5 quokkas
  5 frilled lizards
  5 rats
346 creatures vanquished.

Notes
Turn   | Place    | Note
-------+----------+-------------------------------------------
     0 | D:1      | qw the Gargoyle Hunter began the quest for the Orb.
     0 | D:1      | Reached XP level 1. HP: 12/12 MP: 1/1
     0 | D:1      | 0 ||| qw: Version: 0.3-a-74-g56b0e0c
     0 | D:1      | 0 ||| qw: Game counter: 19
     0 | D:1      | 0 ||| qw: Melee chars always use a shield: true
     0 | D:1      | 0 ||| qw: God list: Okawaru
     0 | D:1      | 0 ||| qw: Allow faded altars: false
     0 | D:1      | 0 ||| qw: Do Orc after clearing Dungeon:15 true
     0 | D:1      | 0 ||| qw: Do second Lair branch before Depths: true
     0 | D:1      | 0 ||| qw: Lair rune preference: random
     0 | D:1      | 0 ||| qw: Goals: Normal
     0 | D:1      | 0 ||| PLANNING D:1-11
   174 | D:1      | Reached XP level 2. HP: 17/17 MP: 2/2
   263 | D:1      | Found a faded altar of an unknown god.
   425 | D:1      | 425 ||| READING 2 scrolls labelled BOALOUCEGO.
   426 | D:1      | 426 ||| READING scroll labelled JAITAI RICWI.
   426 | D:1      | Identified a scroll of acquirement
   426 | D:1      | 426 ||| ACQUIRING +2 orcbow of draining
   426 | D:1      | Acquired a +2 orcbow of draining
   428 | D:1      | 428 ||| SWAPPING to +2 orcbow of draining.
   429 | D:1      | 429 ||| DROPPING +0 shortbow.
   430 | D:1      | 430 ||| READING scroll labelled EWUNTU GEPOE.
   431 | D:1      | 431 ||| READING scroll labelled LOSEUH KUZU.
   432 | D:1      | 432 ||| DROPPING scroll of butterflies.
   438 | D:1      | Reached XP level 3. HP: 21/21 MP: 3/3
   523 | D:1      | Reached skill level 5 in Ranged Weapons
   556 | D:1      | 556 ||| READING 2 scrolls of identify.
   556 | D:1      | 556 ||| IDENTIFYING fuming pink potion
   828 | D:2      | Reached skill level 3 in Fighting
  1051 | D:2      | Reached XP level 4. HP: 28/28 MP: 4/4
  1207 | D:2      | 1207 ||| UPGRADING to +0 ring mail.
  1217 | D:2      | 1217 ||| DROPPING +0 leather armour.
  1218 | D:2      | 1218 ||| UPGRADING to +1 pair of gloves.
  1223 | D:2      | 1223 ||| DROPPING amulet of magic regeneration.
  1224 | D:2      | 1224 ||| UPGRADING to +6 ring of dexterity.
  1225 | D:2      | 1225 ||| READING scroll labelled HID IPREZXOTOI.
  1226 | D:2      | 1226 ||| READING scroll labelled XAWNUL HEZIDAX.
  1327 | D:2      | 1327 ||| READING 2 scrolls of identify.
  1327 | D:2      | 1327 ||| IDENTIFYING blue potion
  1981 | D:3      | Reached skill level 1 in Armour
  2208 | D:3      | 2208 ||| DRINKING 2 red potions.
  2209 | D:3      | 2209 ||| READING 2 scrolls of identify.
  2209 | D:3      | 2209 ||| IDENTIFYING fuming dark potion
  2365 | D:4      | Reached XP level 5. HP: 32/32 MP: 5/5
  2376 | D:4      | Found a runed translucent gate.
  2376 | D:4      | Found a runed translucent gate.
  2381 | D:4      | Found an opulent altar of Gozag.
  2381 | D:4      | Found a runed translucent gate.
  2383 | D:4      | Noticed qw's ghost (amateur GrHs)
  2543 | D:4      | Identified the +6 hand axe "Jetun" {freeze, Drain rElec
                  | Int-3 Dex+5}
  2720 | D:4      | Reached skill level 6 in Ranged Weapons
  2726 | D:4      | Noticed a phantom
  2733 | D:4      | Killed a phantom
  2734 | D:4      | Reached XP level 6. HP: 32/38 MP: 6/6
  2779 | D:4      | Found a white marble altar of Elyvilon.
  2791 | D:4      | Found a snail-covered altar of Cheibriados.
  2813 | D:4      | 2813 ||| FLEEEEING.
  2814 | D:4      | 2814 ||| FLEEEEING.
  2815 | D:4      | 2815 ||| FLEEEEING.
  2816 | D:4      | 2816 ||| FLEEEEING.
  2817 | D:4      | 2817 ||| FLEEEEING.
  2980 | D:4      | 2980 ||| READING scroll labelled ROH FUOR DUU.
  2981 | D:4      | 2981 ||| READING scroll labelled FAONIL SUXTORR.
  2982 | D:4      | 2982 ||| READING scroll labelled XUHOHI XUIWIY.
  3010 | D:5      | Entered Level 5 of the Dungeon
  3102 | D:5      | Identified the +6 chain mail "Remnoel" {-Cast rElec rF++
                  | SInv}
  3213 | D:5      | 3213 ||| FLEEEEING.
  3214 | D:5      | 3214 ||| FLEEEEING.
  3215 | D:5      | 3215 ||| FLEEEEING.
  3216 | D:5      | 3216 ||| FLEEEEING.
  3250 | D:5      | Reached skill level 7 in Ranged Weapons
  3273 | D:5      | 3273 ||| FLEEEEING.
  3274 | D:5      | 3274 ||| FLEEEEING.
  3275 | D:5      | 3275 ||| FLEEEEING.
  3279 | D:5      | 3279 ||| FLEEEEING.
  3280 | D:5      | 3280 ||| FLEEEEING.
  3281 | D:5      | 3281 ||| FLEEEEING.
  3282 | D:5      | 3282 ||| FLEEEEING.
  3283 | D:5      | 3283 ||| FLEEEEING.
  3284 | D:5      | 3284 ||| FLEEEEING.
  3285 | D:5      | 3285 ||| FLEEEEING.
  3286 | D:5      | 3286 ||| FLEEEEING.
  3287 | D:5      | 3287 ||| FLEEEEING.
  3288 | D:5      | 3288 ||| FLEEEEING.
  3289 | D:5      | 3289 ||| FLEEEEING.
  3290 | D:5      | 3290 ||| FLEEEEING.
  3291 | D:5      | 3291 ||| FLEEEEING.
  3292 | D:5      | 3292 ||| FLEEEEING.
  3293 | D:5      | 3293 ||| FLEEEEING.
  3294 | D:5      | 3294 ||| FLEEEEING.
  3295 | D:5      | 3295 ||| FLEEEEING.
  3299 | D:5      | 3299 ||| STAIRDANCE
  3344 | D:4      | 3344 ||| UPGRADING to +2 pair of boots.
  3383 | D:5      | Reached XP level 7. HP: 34/43 MP: 7/7
  3383 | D:5      | 3383 ||| STAIRDANCE
  3791 | D:5      | Found an iron altar of Okawaru.
  3792 | D:5      | 3792 ||| PLANNING OKAWARU WORSHIP
  3793 | D:5      | 3793 ||| READING 2 scrolls of identify.
  3793 | D:5      | 3793 ||| IDENTIFYING grey potion
  3824 | D:5      | Became a worshipper of Warmaster Okawaru
  3825 | D:5      | 3825 ||| PLANNING D:1-11
  4082 | D:6      | 4082 ||| RETREATING.
  4154 | D:6      | Found a runed translucent gate.
  4155 | D:6      | Found a runed translucent gate.
  4156 | D:6      | Noticed qw's ghost (novice GrHs)
  4156 | D:6      | Noticed a kobold demonologist
  4157 | D:6      | 4157 ||| FLEEEEING.
  4208 | D:6      | Found a runed translucent gate.
  4316 | D:6      | Reached skill level 8 in Ranged Weapons
  4425 | D:6      | 4425 ||| FLEEEEING.
  4485 | D:6      | Found a staircase to the Ecumenical Temple.
  4489 | D:6      | 4489 ||| FLEEEEING.
  4490 | D:6      | 4490 ||| FLEEEEING.
  4491 | D:6      | 4491 ||| FLEEEEING.
  4492 | D:6      | 4492 ||| FLEEEEING.
  4501 | D:6      | 4501 ||| FLEEEEING.
  4502 | D:6      | 4502 ||| FLEEEEING.
  4503 | D:6      | 4503 ||| FLEEEEING.
  4504 | D:6      | 4504 ||| FLEEEEING.
  4505 | D:6      | 4505 ||| FLEEEEING.
  4506 | D:6      | 4506 ||| FLEEEEING.
  4585 | D:6      | Reached * piety under Okawaru
  4586 | D:6      | Reached XP level 8. HP: 49/49 MP: 8/8
  4586 | D:6      | Noticed Menkaure
  4587 | D:6      | 4587 ||| INVOKING Heroism.
  4614 | D:6      | 4614 ||| FLEEEEING.
  4615 | D:6      | 4615 ||| FLEEEEING.
  4616 | D:6      | 4616 ||| FLEEEEING.
  4617 | D:6      | 4617 ||| FLEEEEING.
  4618 | D:6      | 4618 ||| FLEEEEING.
  4619 | D:6      | 4619 ||| FLEEEEING.
  4620 | D:6      | 4620 ||| FLEEEEING.
  4621 | D:6      | 4621 ||| FLEEEEING.
  4622 | D:6      | 4622 ||| FLEEEEING.
  4623 | D:6      | 4623 ||| FLEEEEING.
  4624 | D:6      | 4624 ||| FLEEEEING.
  4625 | D:6      | 4625 ||| FLEEEEING.
  4626 | D:6      | 4626 ||| FLEEEEING.
  4627 | D:6      | 4627 ||| FLEEEEING.
  4628 | D:6      | 4628 ||| FLEEEEING.
  4640 | D:6      | Killed Menkaure
  4823 | D:6      | Found an ancient bone altar of Kikubaaqudgha.
  4870 | D:6      | Noticed Blork the orc
  4871 | D:6      | 4871 ||| INVOKING Heroism.
  4877 | D:6      | Killed Blork the orc
  4878 | D:6      | Reached skill level 9 in Ranged Weapons
  5196 | D:6      | 5196 ||| UPGRADING to +2 robe of cold resistance.
  5206 | D:6      | 5206 ||| DROPPING +0 ring mail.
  5207 | D:6      | 5207 ||| READING scroll labelled WUSKELOBRU.
  5210 | D:6      | 5210 ||| READING scroll labelled USTROY IMOGOSSY.
  5211 | D:6      | 5211 ||| DRINKING 2 fizzy orange potions.
  5301 | D:7      | 5301 ||| INVOKING Heroism.
  5305 | D:7      | Reached skill level 3 in Dodging
  5336 | D:7      | Reached skill level 1 in Invocations
  5336 | D:7      | 5336 ||| INVOKING Heroism.
  5347 | D:7      | Reached skill level 6 in Fighting
  5554 | D:7      | Noticed a hornet
  5556 | D:7      | Killed a hornet
  5557 | D:7      | Reached XP level 9. HP: 55/55 MP: 9/11
  5649 | D:7      | Reached skill level 3 in Invocations
  5763 | D:7      | 5763 ||| INVOKING Heroism.
  5815 | D:7      | Reached skill level 10 in Ranged Weapons
  5817 | D:7      | 5817 ||| INVOKING Heroism.
  5898 | D:7      | Found a hazy altar of Hepliaklqana.
  6033 | D:7      | Found a hide-covered altar of Uskayaw.
  6069 | D:7      | 6069 ||| DROPPING ring of flight.
  6091 | D:8      | 6091 ||| PLANNING D:1-11
  6096 | D:8      | Reached ** piety under Okawaru
  6458 | D:8      | 6458 ||| INVOKING Heroism.
  6503 | D:8      | 6503 ||| Stepping ~*~*~tactically~*~*~ (outnumbered).
  6505 | D:8      | 6505 ||| FLEEEEING.
  6555 | D:8      | Found a radiant altar of Vehumet.
  6580 | D:8      | 6580 ||| INVOKING Heroism.
  6609 | D:8      | 6609 ||| RETREATING.
  6619 | D:8      | Reached skill level 11 in Ranged Weapons
  6621 | D:8      | Reached XP level 10. HP: 63/63 MP: 13/13
  6641 | D:8      | Found a staircase to the Lair.
  6649 | D:8      | 6649 ||| INVOKING Heroism.
  7233 | D:8      | Noticed Maurice
  7237 | D:8      | Reached *** piety under Okawaru
  7239 | D:8      | Killed Maurice
  7240 | D:8      | Reached skill level 12 in Ranged Weapons
  7590 | D:8      | 7590 ||| PLANNING LAIR
  7590 | D:8      | 7590 ||| UPGRADING to +0 cloak.
  7595 | D:8      | 7595 ||| READING scroll labelled POFYBR HAN SOM.
  7665 | Lair:1   | Entered Level 1 of the Lair of Beasts
  7668 | Lair:1   | 7668 ||| PLANNING LAIR
  7668 | Lair:1   | 7668 ||| PLANNING LAIR
  7671 | Lair:1   | 7671 ||| STAIRDANCE
  7709 | Lair:1   | 7709 ||| STAIRDANCE
  7763 | Lair:1   | 7763 ||| STAIRDANCE
  7775 | D:8      | 7775 ||| INVOKING Heroism.
  7888 | Lair:1   | Noticed a black mamba
  7889 | Lair:1   | 7889 ||| PLANNING LAIR
  7889 | Lair:1   | 7889 ||| INVOKING Heroism.
  7895 | Lair:1   | Killed a black mamba
  7920 | Lair:1   | Reached **** piety under Okawaru
  7929 | Lair:1   | 7929 ||| RETREATING.
  7936 | Lair:1   | Reached skill level 13 in Ranged Weapons
  7948 | Lair:1   | Reached XP level 11. HP: 60/68 MP: 14/14
  7950 | Lair:1   | 7950 ||| FLEEEEING.
  7951 | Lair:1   | 7951 ||| FLEEEEING.
  7952 | Lair:1   | 7952 ||| FLEEEEING.
  8051 | Lair:1   | 8051 ||| RETREATING.
  8059 | Lair:1   | 8059 ||| Stepping ~*~*~tactically~*~*~ (retreating).
  8060 | Lair:1   | 8060 ||| Stepping ~*~*~tactically~*~*~ (retreating).
  8061 | Lair:1   | 8061 ||| Stepping ~*~*~tactically~*~*~ (retreating).
  8073 | Lair:1   | Reached skill level 6 in Invocations
  8081 | Lair:1   | Reached skill level 9 in Fighting
  8156 | Lair:1   | Reached ***** piety under Okawaru
  8275 | Lair:1   | 8275 ||| INVOKING Heroism.
  8294 | Lair:1   | 8294 ||| RETREATING.
  8516 | Lair:1   | 8516 ||| READING scroll of enchant weapon.
  8516 | Lair:1   | 8516 ||| ENCHANTING +3 orcbow of freezing.
  8779 | Lair:1   | 8779 ||| INVOKING Heroism.
  8779 | Lair:1   | Noticed a catoblepas
  8780 | Lair:1   | 8780 ||| RETREATING.
  8788 | Lair:1   | 8788 ||| INVOKING Finesse.
  8795 | Lair:1   | Killed a catoblepas
  8795 | Lair:1   | Received a gift from Okawaru
  8916 | Lair:1   | 8916 ||| DROPPING amulet of guardian spirit.
  8917 | Lair:1   | 8917 ||| READING 4 scrolls of identify.
  8917 | Lair:1   | 8917 ||| IDENTIFYING fizzy golden potion
  8918 | Lair:1   | 8918 ||| DROPPING potion of berserk rage.
  8941 | Lair:2   | 8941 ||| RETREATING.
  8946 | Lair:2   | 8946 ||| Stepping ~*~*~tactically~*~*~ (retreating).
  8947 | Lair:2   | 8947 ||| Stepping ~*~*~tactically~*~*~ (retreating).
  8948 | Lair:2   | 8948 ||| Stepping ~*~*~tactically~*~*~ (retreating).
  8949 | Lair:2   | 8949 ||| Stepping ~*~*~tactically~*~*~ (retreating).
  8950 | Lair:2   | 8950 ||| Stepping ~*~*~tactically~*~*~ (retreating).
  8951 | Lair:2   | 8951 ||| Stepping ~*~*~tactically~*~*~ (retreating).
  8952 | Lair:2   | 8952 ||| INVOKING Heroism.
  9025 | Lair:2   | 9025 ||| INVOKING Heroism.
  9058 | Lair:2   | 9058 ||| RETREATING.
  9065 | Lair:2   | Reached skill level 14 in Ranged Weapons
  9159 | Lair:2   | 9159 ||| INVOKING Heroism.
  9161 | Lair:2   | 9161 ||| RETREATING.
  9171 | Lair:2   | Reached skill level 3 in Armour
  9307 | Lair:2   | 9307 ||| INVOKING Heroism.
  9311 | Lair:2   | Reached skill level 9 in Invocations
  9311 | Lair:2   | Reached XP level 12. HP: 76/76 MP: 15/18
  9365 | Lair:2   | 9365 ||| RETREATING.
  9378 | Lair:2   | 9378 ||| Stepping ~*~*~tactically~*~*~ (retreating).
  9379 | Lair:2   | 9379 ||| Stepping ~*~*~tactically~*~*~ (retreating).
  9381 | Lair:2   | 9381 ||| Stepping ~*~*~tactically~*~*~ (retreating).
  9382 | Lair:2   | 9382 ||| Stepping ~*~*~tactically~*~*~ (retreating).
  9387 | Lair:2   | 9387 ||| Stepping ~*~*~tactically~*~*~ (retreating).
  9388 | Lair:2   | 9388 ||| Stepping ~*~*~tactically~*~*~ (retreating).
  9389 | Lair:2   | 9389 ||| Stepping ~*~*~tactically~*~*~ (retreating).
  9392 | Lair:2   | 9392 ||| Stepping ~*~*~tactically~*~*~ (retreating).
  9393 | Lair:2   | 9393 ||| Stepping ~*~*~tactically~*~*~ (retreating).
  9395 | Lair:2   | 9395 ||| FLEEEEING.
  9396 | Lair:2   | 9396 ||| FLEEEEING.
  9397 | Lair:2   | 9397 ||| RETREATING.
  9405 | Lair:2   | 9405 ||| Stepping ~*~*~tactically~*~*~ (retreating).
  9406 | Lair:2   | 9406 ||| Stepping ~*~*~tactically~*~*~ (retreating).
  9590 | Lair:2   | 9590 ||| READING scroll of acquirement.
  9590 | Lair:2   | 9590 ||| ACQUIRING ring "Bopea" {Will+ EV+5 Str+3}
  9590 | Lair:2   | Acquired the ring "Bopea" {Will+ EV+5 Str+3}
  9592 | Lair:2   | 9592 ||| UPGRADING to ring "Bopea" {Will+ EV+5 Str+3}.
  9598 | Lair:2   | 9598 ||| RETREATING.
  9690 | Lair:2   | Reached skill level 6 in Dodging
  9720 | Lair:2   | Found a hole to the Spider Nest.
  9963 | Lair:2   | 9963 ||| READING 4 scrolls of identify.
  9963 | Lair:2   | 9963 ||| IDENTIFYING fuming emerald potion
  9964 | Lair:2   | 9964 ||| DROPPING potion of lignification.
  9996 | Lair:3   | Found a staircase to the Shoals.
 10037 | Lair:3   | Noticed a death yak
 10038 | Lair:3   | 10038 ||| INVOKING Heroism.
 10039 | Lair:3   | 10039 ||| INVOKING Finesse.
 10042 | Lair:3   | Noticed a death yak
 10043 | Lair:3   | 10043 ||| RETREATING.
 10056 | Lair:3   | Killed a death yak
 10057 | Lair:3   | Noticed a death yak
 10057 | Lair:3   | Noticed a death yak
 10062 | Lair:3   | Killed a death yak
 10067 | Lair:3   | Noticed a death yak
 10069 | Lair:3   | Killed a death yak
 10072 | Lair:3   | Killed a death yak
 10079 | Lair:3   | Noticed a death yak
 10080 | Lair:3   | Killed a death yak
 10089 | Lair:3   | Killed a death yak
 10135 | Lair:3   | Noticed a catoblepas
 10136 | Lair:3   | 10136 ||| INVOKING Heroism.
 10137 | Lair:3   | 10137 ||| INVOKING Finesse.
 10155 | Lair:3   | Killed a catoblepas
 10155 | Lair:3   | Received a gift from Okawaru
 10155 | Lair:3   | Found the +0 pair of fencer's gloves {Riposte Dex+3}
 10156 | Lair:3   | Reached skill level 15 in Ranged Weapons
 10490 | Lair:3   | Reached ****** piety under Okawaru
 10505 | Lair:3   | Reached XP level 13. HP: 82/82 MP: 20/20
 10508 | Lair:3   | 10508 ||| RETREATING.
 10514 | Lair:3   | 10514 ||| Stepping ~*~*~tactically~*~*~ (retreating).
 10528 | Lair:3   | Reached skill level 16 in Ranged Weapons
 10577 | Lair:3   | 10577 ||| INVOKING Heroism.
 10642 | Lair:3   | 10642 ||| INVOKING Heroism.
 10870 | Lair:3   | Found a blossoming altar of Fedhas.
 10887 | Lair:3   | 10887 ||| INVOKING Heroism.
 10888 | Lair:3   | 10888 ||| INVOKING Finesse.
 10889 | Lair:3   | 10889 ||| UPGRADING to +0 pair of fencer's gloves {Riposte
                  | Dex+3}.
 10899 | Lair:3   | 10899 ||| DROPPING +1 pair of gloves.
 10900 | Lair:3   | 10900 ||| UPGRADING to amulet of reflection.
 10905 | Lair:3   | 10905 ||| READING scroll labelled NOAGUUCOUN.
 10934 | Lair:3   | 10934 ||| INVOKING Heroism.
 11313 | Lair:4   | 11313 ||| PLANNING GAUNTLET
 11313 | Lair:4   | 11313 ||| INVOKING Heroism.
 11314 | Lair:4   | 11314 ||| Stepping ~*~*~tactically~*~*~ (retreating).
 11315 | Lair:4   | 11315 ||| RETREATING.
 11316 | Lair:4   | 11316 ||| Stepping ~*~*~tactically~*~*~ (retreating).
 11317 | Lair:4   | 11317 ||| RETREATING.
 11339 | Lair:4   | 11339 ||| INVOKING Heroism.
 11374 | Lair:4   | 11374 ||| INVOKING Heroism.
 11375 | Lair:4   | 11375 ||| INVOKING Finesse.
 11386 | Lair:4   | 11386 ||| RETREATING.
 11493 | Lair:4   | Found a gate leading to a gauntlet.
 11502 | Gauntlet | Entered a Gauntlet
 11502 | Gauntlet | Found a transporter.
 11502 | Gauntlet | Found a transporter.
 11502 | Gauntlet | Found a runed translucent gate.
 11510 | Gauntlet | Found a transporter.
 11514 | Gauntlet | Found a transporter.
 11518 | Gauntlet | Found a runed translucent door.
 11520 | Gauntlet | Found a runed translucent door.
 11522 | Gauntlet | Found a transporter.
 11526 | Gauntlet | Found a transporter.
 11534 | Gauntlet | Found a transporter.
 11551 | Gauntlet | Found a transporter.
 11551 | Gauntlet | Noticed a quicksilver ooze
 11566 | Gauntlet | Found a transporter.
 11570 | Gauntlet | Found a transporter.
 11578 | Gauntlet | Found a transporter.
 11582 | Gauntlet | Found a transporter.
 11584 | Gauntlet | Found a runed translucent gate.
 11584 | Gauntlet | Found a runed translucent gate.
 11629 | Gauntlet | 11629 ||| Stepping ~*~*~tactically~*~*~ (retreating).
 11630 | Gauntlet | 11630 ||| INVOKING Heroism.
 11744 | Gauntlet | 11744 ||| INVOKING Heroism.
 11745 | Gauntlet | 11745 ||| INVOKING Finesse.
 11800 | Gauntlet | 11800 ||| UPGRADING to +1 helmet of intelligence.
 11820 | Gauntlet | 11820 ||| INVOKING Heroism.
 11822 | Gauntlet | Killed a quicksilver ooze
 11901 | Gauntlet | Identified the ring of Wury {Wiz Int+5}
 11906 | Gauntlet | 11906 ||| DROPPING ring of Wury {Wiz Int+5}.
 11907 | Gauntlet | 11907 ||| READING scroll labelled ZIT HIAPYGH.
 11991 | Gauntlet | Noticed a minotaur
 11992 | Gauntlet | 11992 ||| INVOKING Heroism.
 12009 | Gauntlet | HP: 21/84 [minotaur/+2 long sword of protection (7)]
 12012 | Gauntlet | Killed a minotaur
 12232 | Gauntlet | 12232 ||| READING scroll labelled PYF ZAOMINT.
 12248 | Lair:4   | 12248 ||| PLANNING LAIR
 12279 | Lair:4   | Found the +8 orange crystal plate armour {Archmagi, Int+3
                  | Clar}
 12285 | Lair:4   | 12285 ||| RETREATING.
 12288 | Lair:4   | 12288 ||| INVOKING Heroism.
 12293 | Lair:4   | 12293 ||| Stepping ~*~*~tactically~*~*~ (retreating).
 12294 | Lair:4   | 12294 ||| Stepping ~*~*~tactically~*~*~ (retreating).
 12297 | Lair:4   | 12297 ||| Stepping ~*~*~tactically~*~*~ (retreating).
 12328 | Lair:4   | 12328 ||| INVOKING Heroism.
 12351 | Lair:4   | 12351 ||| RETREATING.
 12551 | Lair:4   | 12551 ||| RETREATING.
 12555 | Lair:4   | 12555 ||| Stepping ~*~*~tactically~*~*~ (retreating).
 12562 | Lair:4   | Reached skill level 12 in Fighting
 12791 | Lair:4   | 12791 ||| DROPPING +1 helmet of intelligence.
 12792 | Lair:4   | 12792 ||| READING scroll labelled MID LOXTUJE.
 12793 | Lair:4   | 12793 ||| READING 7 scrolls of identify.
 12793 | Lair:4   | 12793 ||| IDENTIFYING fizzy cyan potion
 12794 | Lair:4   | 12794 ||| DROPPING potion of degeneration.
 12816 | Lair:5   | Entered Level 5 of the Lair of Beasts
 12829 | Lair:5   | 12829 ||| INVOKING Heroism.
 12903 | Lair:5   | Noticed Snorg
 12904 | Lair:5   | 12904 ||| INVOKING Heroism.
 12904 | Lair:5   | Noticed Rupert
 12905 | Lair:5   | 12905 ||| INVOKING Finesse.
 12906 | Lair:5   | 12906 ||| RETREATING.
 12920 | Lair:5   | 12920 ||| Stepping ~*~*~tactically~*~*~ (retreating).
 12921 | Lair:5   | 12921 ||| Stepping ~*~*~tactically~*~*~ (retreating).
 12922 | Lair:5   | 12922 ||| Stepping ~*~*~tactically~*~*~ (retreating).
 12923 | Lair:5   | 12923 ||| Stepping ~*~*~tactically~*~*~ (retreating).
 12924 | Lair:5   | 12924 ||| Stepping ~*~*~tactically~*~*~ (retreating).
 12925 | Lair:5   | 12925 ||| Stepping ~*~*~tactically~*~*~ (retreating).
 12926 | Lair:5   | 12926 ||| Stepping ~*~*~tactically~*~*~ (retreating).
 12927 | Lair:5   | 12927 ||| Stepping ~*~*~tactically~*~*~ (retreating).
 12929 | Lair:5   | HP: 15/86 [Rupert/+1 great sword of electrocution (43)]
 12930 | Lair:5   | 12930 ||| READING 2 scrolls of teleportation.
 12932 | Lair:5   | HP: 1/86 [cane toad (10)]
 12932 | Lair:5   | Demolished by Snorg

Levels and vault maps discovered:
D:1:      tarquinn_simple_flora_water_e, layout_basic,
          chequers_ecumenical_altar_island, minmay_pentomino_o2
D:2:      layout_loops_ring, minmay_between
D:3:      kennysheep_six_static_rooms, layout_basic
D:4:      layout_loops_ring, mainiacjoe_overflow_alcove_4,
          general_overflow_altar, ebering_ghost_gozag, mrwooster_statue_mirror
D:5:      kennysheep_slugbush, layout_cave_pods, okawaru_gym_becter,
          nicolae_titane
D:6:      layout_basic, mainiacjoe_overflow_small_starburst,
          minmay_temple_entry_sparse_star, gammafunk_ghost_nasty_kobolds,
          kb_lookout_dungeons_type, uniq_menkaure, uniq_blork_the_orc
D:7:      layout_basic, nicolae_hepliaklqana_hazy_memory,
          lemuel_coloured_pillars_altar, roderic_batcave,
          chequers_serial_rivers_small_3
D:8:      layout_layer_cave, mainiacjoe_overflow_24_doors, david_lair_shrubbed,
          uniq_maurice
Lair:1:   layout_long_grid, serial_rivers, chequers_serial_rivers_small_b,
          chequers_serial_rivers_micro_b, chequers_serial_rivers_room_a,
          chequers_serial_rivers_micro_e, infiniplex_staircase_pool_2
Lair:2:   layout_long_grid, spider_nest_entry_funnel_web,
          grunt_forest_stairs_clearing, serial_bayou_shore_b, grunt_megastairs_5
Lair:3:   layout_cellular_growth, elwin_shoals_entry_rocks, tgw_fedhas
Lair:4:   layout_cave_shapes, gauntlet_entry_generic, st_stairs_11,
          kennysheep_basilisk_garden, grunt_megastairs_1
Lair:5:   evilmike_catoblepas_cave, layout_small_grid, slime_entry_2,
          minmay_lair_drake_nest, uniq_snorg, uniq_rupert

Skill      XL: |  1  2  3  4  5  6  7  8  9 10 11 12 13 |
---------------+----------------------------------------+-----
Ranged Weapons | 5 6 7 8 9 11 13 14 15 16 | 16.0
Fighting       | 3 4 5 6 7 8 9 10 12 | 12.0
Armour         | 1 2 3 5 |  5.0
Dodging        | 2 3 4 5 6 8 |  8.7
Invocations    | 2 4 9 10 | 10.0
Stealth        | |  1.1

Action                     |  1- 3 |  4- 6 |  7- 9 | 10-12 | 13-15 || total
---------------------------+-------+-------+-------+-------+-------++-------
   Fire: Shortbow          |    80 |       |       |       |       ||    80
         Orcbow            |    54 |   128 |   240 |   508 |   321 ||  1251
 Invoke: Heroism           |       |       |     8 |    11 |    15 ||    34
         Finesse           |       |       |       |     3 |     4 ||     7
    Use: Scroll            |     5 |     7 |     3 |     5 |     6 ||    26
         Potion            |       |     1 |     1 |       |       ||     2
 Armour: Leather armour    |    30 |       |       |       |       ||    30
         Ring mail         |       |    16 |    11 |       |       ||    27
         Robe              |       |       |    14 |    59 |    22 ||    95
  Dodge: Dodged            |    31 |    13 |    59 |   118 |    87 ||   308
  Block: Other             |       |       |       |       |    12 ||    12

Table legend:
 A = Non-vault XP
 B = Vault XP
 C = Vault XP percentage of total XP
 D = Non-vault monster count
 E = Vault monster count
 F = Vault count percentage of total count
                 A         B        C        D         E       F
            +---------+---------+-------+---------+---------+-------
      Total |   41812 |   11089 |  21.0 |     274 |      72 |  20.8
            +---------+---------+-------+---------+---------+-------
        D:1 |      37 |       3 |   7.5 |      23 |       2 |   8.0
        D:2 |      31 |      21 |  40.4 |      18 |       6 |  25.0
        D:3 |      15 |      13 |  46.4 |       7 |       6 |  46.2
        D:4 |     281 |       0 |   0.0 |      18 |       0 |   0.0
        D:5 |     231 |      32 |  12.2 |      14 |       8 |  36.4
        D:6 |     607 |     353 |  36.8 |      22 |       3 |  12.0
        D:7 |    1610 |     120 |   6.9 |      28 |       9 |  24.3
        D:8 |    3550 |     818 |  18.7 |      33 |       2 |   5.7
     Lair:1 |    7122 |       0 |   0.0 |      25 |       0 |   0.0
     Lair:2 |    5020 |    2174 |  30.2 |      23 |      11 |  32.4
     Lair:3 |   13165 |     587 |   4.3 |      39 |       1 |   2.5
     Lair:4 |    7369 |    3730 |  33.6 |      18 |      17 |  48.6
     Lair:5 |    2072 |     373 |  15.3 |       5 |       1 |  16.7
   Gauntlet |     702 |    2865 |  80.3 |       1 |       6 |  85.7
            +---------+---------+-------+---------+---------+-------
